 Dungeon Crawl Stone Soup version 0.30-b1-2-g02819fbbbe (webtiles) character file.

Game seed: 17983795514935977199

235 Alarkh the Sneak (level 5, -3/42 HPs)
             Began as a Demonspawn Delver on May 22, 2023.
             Slain by a water moccasin zombie (6 damage)
             ... in an ossuary.
             The game lasted 00:02:39 (659 turns).

Alarkh the Sneak (Demonspawn Delver)                 Turns: 659, Time: 00:02:40

Health: -3/42      AC:  8    Str: 12    XL:     5   Next: 76%
Magic:  5/5        EV:  9    Int: 13    God:
Gold:   31         SH:  5    Dex: 15    Spells: 4/4 levels left

rFire   . .          .
                       - Unarmed
rCold   . . .        (no shield)
rNeg    . . .        g - +0 scale mail
rPois   .            (no helmet)
rElec   .            (no cloak)
rCorr   .            (no gloves)
SInv    .            (no boots)
Will    .....        h - amulet of reflection
Stlth   ++           (no ring)
HPRegen 0.27/turn    (no ring)
MPRegen 0.09/turn

%: reflection
@: no status effects
A: thin metallic scales 1, spiny 1, weakness stinger 1
a: no special abilities


You were in an ossuary.
You visited 1 branch of the dungeon, and saw 2 of its levels.
You also visited: Ossuary.

You collected 31 gold pieces.

Inventory:

Armour
 a - a +0 leather armour
 g - a +0 scale mail (worn)
Jewellery
 h - an amulet of reflection (around neck)
Wands
 f - a wand of digging (3)
Scrolls
 b - a scroll of fog
 d - a scroll of magic mapping


   Skills:
 - Level 3.7 Fighting
 - Level 2.6 Dodging
 - Level 5.1 Stealth
 + Level 4.3 Unarmed Combat


You had 4 spell levels left.
You didn't know any spells.
Your spell library was empty.

Dungeon Overview and Level Annotations

Branches:
Dungeon (5/15)            Ossuary (1/1)
 Temple: D:4-7

Altars:

Annotations:
D:4 Grinder


Innate Abilities, Weirdness & Mutations

You are partially covered in thin metallic scales. (AC +2)
You are partially covered in sharp spines.
You have a small tail.


Message History

You block the centaur zombie's attack.
The centaur zombie attacks as you move away!
The centaur zombie is struck by your spines.
The centaur zombie closely misses you. The centaur zombie kicks you.
The centaur zombie attacks as you move away!
You block the centaur zombie's attack. The centaur zombie kicks you.
* * * LOW HITPOINT WARNING * * *
The centaur zombie is struck by your spines.
You destroy the centaur zombie!
The centaur zombie hits you but does no damage.
The centaur zombie kicks you but does no damage.
Your Unarmed Combat skill increases to level 4!
You punch the centaur zombie!
You destroy the centaur zombie!
You hit the water moccasin zombie but do no damage.
The water moccasin zombie is moderately damaged.
The water moccasin zombie barely misses you.
You hit the water moccasin zombie.
The water moccasin zombie is moderately damaged.
The water moccasin zombie is struck by your spines.
The water moccasin zombie completely misses you.
You hit the water moccasin zombie.
The water moccasin zombie is heavily damaged.
The water moccasin zombie is struck by your spines.
The water moccasin zombie bites you.
* * * LOW HITPOINT WARNING * * *
You closely miss the water moccasin zombie.
The water moccasin zombie is heavily damaged.
The water moccasin zombie is struck by your spines.
The water moccasin zombie bites you.
* * * LOW HITPOINT WARNING * * *
The water moccasin zombie is struck by your spines.
The water moccasin zombie completely misses you.
The water moccasin zombie attacks as you move away!
The water moccasin zombie is struck by your spines.
The water moccasin zombie bites you.
* * * LOW HITPOINT WARNING * * *
The water moccasin zombie attacks as you move away!
The water moccasin zombie bites you.
You die...

####### ##########
......# #........##
......###...Z..Z@.##
.......'....Z......##
♣......'......♣.....#
#♣.....'.....♣#♣....#
♣....#####....♣.....#
...###
###........#### ..##
##.......#..# .##
##......'..# .#
#......'..#


You could see a water moccasin zombie, a scorpion zombie and a goblin zombie.

Vanquished Creatures
  4 centaur zombies (Ossuary)
  3 bullfrog zombies (Ossuary)
  2 adder zombies (Ossuary)
  2 gnoll zombies (Ossuary)
  3 goblin zombies (Ossuary)
  3 hobgoblin zombies (Ossuary)
  2 orc zombies (Ossuary)
19 creatures vanquished.

Notes
Turn   | Place    | Note
-------+----------+-------------------------------------------
     0 | D:5      | Alarkh the Demonspawn Delver began the quest for the Orb.
     0 | D:5      | Reached XP level 1. HP: 18/18 MP: 1/1
    20 | D:5      | Noticed a scorpion
   109 | D:4      | Noticed Grinder
   123 | D:5      | Noticed a water moccasin
   172 | D:5      | Noticed a jelly
   188 | D:5      | Noticed a hound
   190 | D:5      | Found a sand-covered staircase.
   198 | Ossuary  | Entered an ossuary
   335 | Ossuary  | Gained mutation: You are partially covered in thin metallic
                  | scales. (AC +2) [demonic ancestry]
   335 | Ossuary  | Reached XP level 2. HP: 4/24 MP: 2/2
   335 | Ossuary  | Gained mutation: You have a small tail. [demonic ancestry]
   335 | Ossuary  | Reached XP level 3. HP: 5/29 MP: 3/3
   493 | Ossuary  | Reached XP level 4. HP: 23/35 MP: 4/4
   563 | Ossuary  | Reached skill level 5 in Stealth
   594 | Ossuary  | Gained mutation: You are partially covered in sharp spines.
                  | [demonic ancestry]
   594 | Ossuary  | Reached XP level 5. HP: 25/42 MP: 5/5
   659 | Ossuary  | Slain by a water moccasin zombie

Illustrated notes

Levels and vault maps discovered:
D:4:      layout_loops_ring, mainiacjoe_overflow_divided_tiny,
          lemuel_doored_altar, uniq_grinder, uniq_natasha, uniq_duvessa,
          uniq_pikel
D:5:      layout_rooms, zin_scriptorium, nicolae_ossuary_entry_plus
Ossuary:  ossuary_hellmonk_silent_tomb

Skill      XL: |  1  2  3  4  5 |
---------------+----------------+-----
Dodging        | 2 |  2.6
Unarmed Combat | 2 3 4 |  4.3
Stealth        | 5 |  5.1
Fighting       | |  3.7

Action                     |  1- 3 |  4- 6 || total
---------------------------+-------+-------++-------
  Melee: Unarmed           |    79 |    58 ||   137
         Punch             |     1 |     2 ||     3
         Tailslap          |     5 |    15 ||    20
    Use: Scroll            |     2 |     1 ||     3
         Potion            |     2 |       ||     2
 Armour: Scale mail        |    52 |    62 ||   114
  Dodge: Dodged            |    27 |    46 ||    73
  Block: Other             |    24 |    27 ||    51
